 Dungeon Crawl Stone Soup version 0.29.1-13-g9f3cf754e1 (webtiles) character file.

Game seed: 9211598465300062142

121 devnull the Grave Robber (level 4, -3/30 HPs)
             Began as a Demonspawn Necromancer on Jan 28, 2023.
             Slain by Grinder (6 damage)
             ... on level 3 of the Dungeon.
             The game lasted 00:09:39 (3046 turns).

devnull the Grave Robber (Demonspawn Necromancer)   Turns: 3046, Time: 00:09:39

Health: -3/30      AC:  5    Str:  8    XL:     4   Next: 77%
Magic:  7/7        EV: 10    Int: 19    God:
Gold:   145        SH:  0    Dex: 13    Spells: 3/7 levels left

rFire   . . .      SeeInvis .   b - +0 sling
rCold   . . .      Faith    .   (no shield)
rNeg    . . .      Spirit   .   c - +0 ring mail
rPois   .          Reflect  .   (helmet restricted)
rElec   .          Harm     .   (no cloak)
rCorr   .          Rampage  .   (no gloves)
Will    .....                   (no boots)
Stlth   +.........              (no amulet)
HPRegen 0.10/turn               (no ring)
MPRegen 0.10/turn               (no ring)

@: no status effects
A: antennae 1, foul stench 1, powered by pain 1
a: no special abilities


You were on level 3 of the Dungeon.
You visited 1 branch of the dungeon, and saw 3 of its levels.

You collected 145 gold pieces.

Inventory:

Hand Weapons
 a - a +0 dagger of pain
 b - a +0 sling (weapon)
 l - a +0 falchion
Missiles
 h - 7 poisoned darts
 k - 2 silver boomerangs
Armour
 c - a +0 ring mail (worn)
 f - a +0 robe
Scrolls
 g - a scroll of immolation
 i - 2 scrolls of enchant armour
 j - a scroll of vulnerability {unknown}
 n - a scroll of teleportation
 p - a scroll of blinking {unknown}
 q - a scroll of silence {unknown}
Potions
 m - a potion of lignification {unknown}
 o - a potion of heal wounds {unknown}
 r - 2 potions of magic


   Skills:
 - Level 2.0 Short Blades
 + Level 1.8 Dodging
 - Level 1.7 Stealth
 - Level 2.0 Spellcasting
 - Level 6.2 Necromancy


You had 3 spell levels left.
You knew the following spells:

 Your Spells              Type           Power      Damage    Failure   Level
a - Necrotise             Necr           100%       1d9       4%          1
b - Vampiric Draining     Necr           25%        2d7       12%         3

Your spell library contained the following spells:

 Spells                   Type           Power      Damage    Failure   Level
 Ensorcelled Hibernation  Hex/Ice        2%         N/A       61%         2
 Passwall                 Tmut/Erth      0%         N/A       61%         2
 Ozocubu's Armour         Ice            1%         N/A       83%         3
 Swiftness                Air            1%         N/A       83%         3
 Animate Dead             Necr           25%        N/A       38%         4
 Agony                    Necr           25%        N/A       75%         5
 Ozocubu's Refrigeration  Ice            0%         4d7       100%        7


Dungeon Overview and Level Annotations

Branches:
Dungeon (3/15)

Altars:

Annotations:
D:3 Grinder


Innate Abilities, Weirdness & Mutations

You have a pair of small antennae on your head.
You may rarely emit foul miasma when damaged in melee.
You sometimes gain a little power by taking damage.


Message History

Press: ? - help, Q - select action, (/) - cycle Shift-Dir - straight line, f - you That beam is likely to hit you.
Continue anyway?
Okay, then.
The adder hisses angrily.
Aiming: Necrotise (safe; 4% risk of failure)
Press: ? - help, Q - select action, (/) - cycle Shift-Dir - straight line, f - adder
Aim: an adder (chance to affect: 88%)
The adder writhes in agony.
Aiming: Necrotise (safe; 4% risk of failure)
Press: ? - help, Q - select action, (/) - cycle Shift-Dir - straight line, f/p - adder
Aim: an adder (moderately wounded, chance to affect: 88%)
The adder writhes in agony.
Aiming: Necrotise (safe; 4% risk of failure)
Press: ? - help, Q - select action, (/) - cycle Shift-Dir - straight line, f/p - adder
Aim: an adder (severely wounded, chance to affect: 88%)
The adder writhes in agony.
You kill the adder!
The dead are slithering!
Training target 6.2 for Necromancy reached!
You need to enable at least one skill for training.
Found 16 gold pieces.
You now have 145 gold pieces (gained 16).
Grinder is nearby!
b - a +0 sling (weapon)
You shoot a sling bullet. The sling bullet hits Grinder.
Grinder is lightly wounded.
Your adder skeleton crumbles into dust!
You shoot a sling bullet. The sling bullet hits Grinder.
Grinder is lightly wounded.
You shoot a sling bullet. The sling bullet hits Grinder.
Grinder is moderately wounded.
You shoot a sling bullet.
The sling bullet closely misses Grinder.
Grinder hits you!
You writhe in agony.
You shoot a sling bullet. The sling bullet hits Grinder.
Grinder is moderately wounded.
Grinder hits you.
You writhe in agony.
Grinder hits you!
* * * LOW HITPOINT WARNING * * *
You writhe in agony.
You die...

#.#......+......#....#
#.#......#...........#
.###+#......###...........#
..........#####...........#
.#........# #..............
#........# #..............
..........###.....#........
...........................
..........@...........##...
...####...5...........##...
#######...<.#######........
...........# #........
...........# .........
...........# ..........
...####.(..# ......##+ ...
#....# ##+### # #....#


You could see Grinder.

Vanquished Creatures
  Robin (D:2)
  5 adders
  2 worms
  A dart slug (D:3)
  3 bats
  4 endoplasms
  A giant cockroach (D:1)
  11 goblins
  5 hobgoblins
  3 jackals (D:3)
  2 quokkas
  4 ball pythons
  4 frilled lizards
  3 kobolds
  4 rats
53 creatures vanquished.

Vanquished Creatures (collateral kills)
  A goblin (D:2)
  A hobgoblin (D:2)
  2 frilled lizards (D:1)
4 creatures vanquished.

Grand Total: 57 creatures vanquished

Notes
Turn   | Place    | Note
-------+----------+-------------------------------------------
     0 | D:1      | devnull the Demonspawn Necromancer began the quest for the
                  | Orb.
     0 | D:1      | Reached XP level 1. HP: 13/13 MP: 3/3
    45 | D:1      | Found a faded altar of an unknown god.
   325 | D:1      | Gained mutation: You may rarely emit foul miasma when
                  | damaged in melee. [demonic ancestry]
   325 | D:1      | Reached XP level 2. HP: 19/19 MP: 1/5
   510 | D:1      | Reached skill level 5 in Necromancy
  1291 | D:2      | Noticed Robin
  1297 | D:2      | Gained mutation: You have a pair of small antennae on your
                  | head. [demonic ancestry]
  1297 | D:2      | Reached XP level 3. HP: 14/24 MP: 0/6
  1310 | D:2      | Killed Robin
  1783 | D:2      | Reached skill level 6 in Necromancy
  1850 | D:2      | Reached skill level 1 in Short Blades
  1850 | D:2      | Gained mutation: You sometimes gain a little power by
                  | taking damage. [demonic ancestry]
  1850 | D:2      | Reached XP level 4. HP: 25/30 MP: 2/7
  2412 | D:3      | Learned a level 3 spell: Vampiric Draining
  2742 | D:3      | Noticed Grinder
  2760 | D:3      | Paralysed by Grinder for 3 turns
  3046 | D:3      | Slain by Grinder

Illustrated notes

Levels and vault maps discovered:
D:1:      ncdulo_wetmaze, layout_loops_corners,
          hellmonk_ecumenical_altar_heavens_door, minmay_lizard_pond
D:2:      layout_rooms, minmay_octomino_j4, uniq_robin
D:3:      layout_basic, minmay_increasing_density, uniq_grinder

Skill      XL: |  1  2  3  4 |
---------------+-------------+-----
Necromancy     | 5 6 |  6.2
Short Blades   | 1 2 |  2.0
Dodging        | |  1.8
Stealth        | |  1.7
Spellcasting   | |  2.0

Action                   |  1- 3 |  4- 6 || total
-------------------------+-------+-------++-------
Melee: Unarmed           |     5 |       ||     5
       Falchion          |     9 |       ||     9
       Dagger            |    20 |    25 ||    45
       Punch             |     1 |       ||     1
 Fire: Sling             |       |     5 ||     5
Throw: Boomerang         |       |    11 ||    11
       Dart              |       |     5 ||     5
 Cast: Necrotise         |    42 |    27 ||    69
  Use: Scroll            |       |     4 ||     4
Armor: Ring mail         |    14 |    12 ||    26
Dodge: Dodged            |    17 |    19 ||    36
